 Dungeon Crawl Stone Soup version 0.23-a0-299-g9a66eeb (webtiles) character file.

695 iamserjio the Insei (level 7, 3/38 HPs)
             Began as a Vine Stalker Hunter on Oct 6, 2018.
             Quit the game on level 5 of the Dungeon.
             The game lasted 00:12:21 (1554 turns).

iamserjio the Insei (Vine Stalker Hunter)           Turns: 1554, Time: 00:12:22

Health: 3/38       AC:  7    Str: 12 (14) XL:     7   Next: 64%
Magic:  3/8        EV: 10    Int: 10 (13) God:
Gold:   149        SH:  0    Dex: 15 (17) Spells: 6/6 levels left

rFire    . . .     SeeInvis .     - Unarmed
rCold    . . .     Gourm    .   (no shield)
rNeg     . . .     Faith    .   o - +0 ring mail
rPois    .         Spirit   +   g - +1 helmet
rElec    .         Reflect  .   (no cloak)
rCorr    .         Harm     .   (no gloves)
MR       .....                  (no boots)
Stlth    +.........             p - amulet of the acrobat
HPRegen  0.52/turn              t - +2 ring of dexterity
MPRegen  0.11/turn              (no ring)

@: lethally poisoned (3 -> -17)
A: fangs 2, regeneration 1, magic shield, antimagic bite, no potion heal 3, rot
immunity
a: no special abilities


You were on level 5 of the Dungeon.
You were not hungry.

You visited 1 branch of the dungeon, and saw 5 of its levels.

You collected 149 gold pieces.

Inventory:

Hand Weapons
 a - a +1 hand crossbow
 b - a +0 short sword
 i - a +0 mace
 j - a +0 spear
 w - a +2 dagger of speed
 x - a +0 flail of holy wrath
Missiles
 d - 31 bolts
 s - 24 arrows
Armour
 c - a +0 leather armour
 g - a +1 helmet (worn)
 n - a +0 chain mail
 o - a +0 ring mail (worn)
 q - a +0 scale mail
 y - a +0 chain mail
Magical Staves
 r - an uncursed staff of air
Jewellery
 p - an amulet of the acrobat (around neck)
 t - a +2 ring of dexterity (left hand)
Scrolls
 e - 2 scrolls of fog
 h - a scroll of teleportation
 k - 3 scrolls of amnesia
 m - 3 scrolls of remove curse {@r2}
 B - a scroll of enchant weapon
Potions
 l - a potion of heal wounds
 u - a potion of might
Comestibles
 f - 6 rations
 A - 2 chunks of flesh


   Skills:
 + Level 4.5 Fighting
 - Level 3.6 Crossbows
 - Level 1.5 Dodging
 - Level 1.2 Stealth
 * Level 6.5 Unarmed Combat


You had 6 spell levels left.
You didn't know any spells.
Your spell library was empty.

Dungeon Overview and Level Annotations

Branches:
Dungeon (5/15)
 Temple: D:4-7

Altars:


Innate Abilities, Weirdness & Mutations

You have extremely sharp teeth.
Your natural rate of healing is unusually fast.
When hurt, damage is shared between your health and your magic reserves.
Your bite disrupts and absorbs the magic of your enemies.
Potions cannot restore your health.
You are immune to rotting.


Message History

You closely miss the scorpion.
You feel sick. The scorpion stings you.
* * * LOW HITPOINT WARNING * * *
You hit the scorpion.
You bite the scorpion, but do no damage.
You feel sick. The scorpion stings you.
* * * LOW HITPOINT WARNING * * *
You are lethally poisoned!
The scorpion poisons you!
You barely miss the scorpion. Your bite misses the scorpion.
* * * LOW HITPOINT WARNING * * *
You feel sick.
It was a potion of degeneration.
There was something very wrong with that liquid.
You feel weakened.
You feel dopey.
You feel clumsy.
* * * LOW HITPOINT WARNING * * *
You feel sick. The scorpion stings you.
* * * LOW HITPOINT WARNING * * *
You are more poisoned.
The scorpion poisons you! That would not heal you.

######### ........#
#######
........###.....########
.........##.....##.....
................##.#.#.#.#
......# #.....@s.†......
.##...#####.....####>#.#.#
....#......#.#### ..
##########...# .# . #
#..## .. ... #..## .# ...
....# . #.... #a#..


You could see a scorpion.

Vanquished Creatures
  An ogre (D:4)
  A howler monkey (D:4)
  2 orc priests
  4 hounds
  3 orc wizards (D:4)
  2 worker ants (D:4)
  Natasha (twice) (D:4)
  5 gnolls
  5 adders
  3 worms
  2 dart slugs
  3 leopard geckos
  13 orcs (D:4)
  2 ball pythons
  5 giant cockroaches
  6 goblins
  12 hobgoblins
  3 quokkas
  8 bats
  3 frilled lizards
  A jackal skeleton (D:4)
  9 kobolds
  10 rats
105 creatures vanquished.

Notes
Turn   | Place    | Note
-------+----------+-------------------------------------------
     0 | D:1      | iamserjio the Vine Stalker Hunter began the quest for the
                  | Orb.
     0 | D:1      | Reached XP level 1. HP: 11/11 MP: 2/2
    89 | D:1      | Reached skill level 1 in Unarmed Combat
    98 | D:1      | Reached XP level 2. HP: 15/15 MP: 3/3
   154 | D:1      | Reached skill level 2 in Unarmed Combat
   188 | D:1      | Reached XP level 3. HP: 18/18 MP: 4/4
   372 | D:1      | Gained mutation: Your natural rate of healing is unusually
                  | fast. [Vine Stalker growth]
   372 | D:1      | Reached XP level 4. HP: 23/23 MP: 5/5
   455 | D:2      | Reached skill level 3 in Unarmed Combat
   689 | D:2      | Reached XP level 5. HP: 16/28 MP: 3/6
   846 | D:3      | Reached skill level 4 in Unarmed Combat
   944 | D:3      | Reached XP level 6. HP: 32/32 MP: 7/7
  1065 | D:4      | Reached skill level 5 in Unarmed Combat
  1173 | D:4      | Reached XP level 7. HP: 20/37 MP: 3/8
  1241 | D:4      | Noticed Natasha
  1251 | D:4      | Killed Natasha
  1251 | D:4      | Reached skill level 6 in Unarmed Combat
  1316 | D:4      | Noticed Natasha
  1322 | D:4      | Killed Natasha
  1489 | D:5      | Entered Level 5 of the Dungeon
  1554 | D:5      | Quit the game

Vault maps used:
D:1:      dpeg_arrival_windows_large_door, minmay_surrounded
D:2:      first_ration
D:3:      st_stairs_5
D:4:      kennysheep_big_flooded_room, uniq_natasha
D:5:      minmay_temple_entry_butterflies, st_stairs_9, uniq_ijyb

Skill      XL: |  1  2  3  4  5  6  7 |
---------------+----------------------+-----
Fighting       | 2 3 4 |  4.5
Unarmed Combat | 1 2 3 4 5 6 |  6.5
Crossbows      | |  3.6
Dodging        | |  1.5
Stealth        | |  1.2

Action                   |  1- 3 |  4- 6 |  7- 9 || total
-------------------------+-------+-------+-------++-------
Melee: Unarmed           |       |    68 |    70 ||   138
       Bite              |       |    24 |    16 ||    40
       Punch             |       |     6 |     4 ||    10
 Fire: Hand crossbow     |    65 |   105 |     2 ||   172
  Use: Scroll            |       |     1 |    10 ||    11
       Potion            |       |     2 |     1 ||     3
  Eat: Chunk             |       |     1 |     1 ||     2
Armor: Leather armour    |    14 |     8 |       ||    22
       Ring mail         |       |    39 |    19 ||    58
Dodge: Dodged            |    31 |    79 |    45 ||   155

Table legend:
 A = Non-vault XP
 B = Vault XP
 C = Vault XP percentage of total XP
 D = Non-vault monster count
 E = Vault monster count
 F = Vault count percentage of total count
                 A         B        C        D         E       F
            +---------+---------+-------+---------+---------+-------
      Total |     801 |     192 |  19.3 |      96 |       9 |   8.6
            +---------+---------+-------+---------+---------+-------
        D:1 |      67 |      19 |  22.1 |      32 |       4 |  11.1
        D:2 |      87 |       0 |   0.0 |      17 |       0 |   0.0
        D:3 |     126 |      15 |  10.6 |      17 |       2 |  10.5
        D:4 |     472 |     158 |  25.1 |      27 |       3 |  10.0
        D:5 |      49 |       0 |   0.0 |       3 |       0 |   0.0
            +---------+---------+-------+---------+---------+-------
